 Dungeon Sprint DCSS version 0.19-a0-1834-g6b7851e (webtiles) character file.

359 poirepourri the Fetichist (level 6, -1/30 HPs)
             Began as a Spriggan Artificer on Oct 8, 2016.
             Slain by Sonja
             ... wielding a +0 dagger of distortion
              (9 damage)
             ... in the Dungeon (Sprint I: "Red Sonja").
             The game lasted 00:01:09 (271 turns).

poirepourri the Fetichist (Spriggan Artificer)       Turns: 271, Time: 00:01:10

Health: -1/30      AC:  2    Str:  8    XL:     6   Next: 37%
Magic:  17/17      EV: 25    Int: 12    God:
Gold:   173        SH:  0    Dex: 19    Spells: 0 memorised, 5 levels left

rFire  . . .     SeeInvis +     a - +0 short sword
rCold  . . .     Gourm    .     b - +0 robe
rNeg   . . .     Faith    .     (shield restricted)
rPois  .         Spirit   .     (helmet restricted)
rElec  .         Dismiss  .     (no cloak)
rCorr  .         Reflect  .     (gloves unavailable)
MR     +....     Harm     .     (boots unavailable)
Stlth  ++........ NoTele   +    (no amulet)
                                (no ring)
                                (no ring)

@: slowed, quick
A: unfitting armour, see invisible, herbivore 3, speed 3, slow metabolism 2
a: no special abilities


You were in the Dungeon.
You were not hungry.

You visited 1 branch You collected 173 gold pieces.

Inventory:

Hand Weapons
 a - a +0 short sword (weapon)
Armour
 b - a +0 robe (worn)
Wands
 c - a wand of flame (0/48)
 d - a wand of enslavement (11/24)
 e - a wand of random effects (10/48)
Scrolls
 l - a scroll of blinking
 m - a scroll of fear {unknown}
Potions
 i - a potion of haste
 j - 2 potions of magic
 k - a potion of berserk rage
Comestibles
 f - a bread ration


   Skills:
 + Level 1.9 Fighting
 + Level 1.8 Short Blades
 + Level 8.4 Dodging
 + Level 1.5 Stealth
 + Level 15.3 Evocations


You had 5 spell levels left.
You didn't know any spells.

Dungeon Overview and Level Annotations

Branches:
Dungeon (1/1)

Altars:
Cheibriados
Dithmenos
Elyvilon
Fedhas
Hepliaklqana
Kikubaaqudgha
Makhleb
Okawaru
Qazlal
Ru
Sif Muna
Trog
Uskayaw
Vehumet
Xom
Yredelemnul
Zin
The Shining One
Jiyva
Lugonu

Shops:
D ?

Annotations:
D Sonja


Innate Abilities, Weirdness & Mutations

You are very small and have problems with some larger weapons.
You are too small for most types of armour.
You have supernaturally acute eyesight. (SInv)
You are a herbivore.
You cover ground extremely quickly.
You need consume almost no food.


Message History

The bolt of negative energy hits the slime creature.
The slime creature is drained!
The slime creature is severely wounded.
This wand has 10 charges left.
The slime creature misses you. x2
You hit the slime creature.
The slime creature is severely wounded.
The slime creature closely misses you.
You hit the slime creature but do no damage.
The slime creature is severely wounded.
The slime creature misses you. x2
You hit the slime creature.
The slime creature is severely wounded.
Sonja unwields an uncursed blowgun.
Sonja wields an uncursed dagger of distortion.
Its appearance distorts for a moment.
Sonja closely misses you. Sonja misses you. x4
Sonja hits you with an uncursed dagger of distortion.
* * * LOW HITPOINT WARNING * * *
Space warps horribly around you!
You die...

###################
#<.#.)'..#K.'..#__#
#..)..#..@J.#..'..+
#..#####'#####(#__#
#..# #..# #.####
#..#__#### ##.#
#..#_____##+#.(+
#⌠⌠#_.∩..K'.(.§#
####_..__##_.#+#
___ ##'# # #.#


You could see a slime creature and Sonja.

Vanquished Creatures
  Sigmund (D)
  An ogre (D)
  Ijyb (D)
3 creatures vanquished.

Vanquished Creatures (collateral kills)
  A yak (D)
  A jelly (D)
2 creatures vanquished.

Grand Total: 5 creatures vanquished

Notes
Turn   | Place    | Note
-------+----------+-------------------------------------------
     0 | D        | poirepourri the Spriggan Artificer began the quest for the Orb.
     0 | D        | Reached XP level 1. HP: 9/9 MP: 4/4
     2 | D        | Noticed Ijyb
    10 | D        | Killed Ijyb
    10 | D        | Reached skill level 1 in Fighting
    10 | D        | Reached skill level 8 in Evocations
    10 | D        | Reached XP level 2. HP: 9/14 MP: 5/8
   121 | D        | Noticed an ogre
   128 | D        | Killed an ogre
   128 | D        | Reached skill level 11 in Evocations
   128 | D        | Reached XP level 3. HP: 18/18 MP: 9/11
   128 | D        | Reached XP level 4. HP: 22/22 MP: 9/12
   158 | D        | Noticed Sigmund
   173 | D        | Killed Sigmund
   173 | D        | Reached skill level 14 in Evocations
   173 | D        | Reached XP level 5. HP: 26/26 MP: 12/15
   173 | D        | Reached XP level 6. HP: 30/30 MP: 13/17
   203 | D        | Found a burning altar of Makhleb.
   203 | D        | Found a viscous altar of Jiyva.
   203 | D        | Found a shimmering altar of Xom.
   203 | D        | Found a corrupted altar of Lugonu.
   203 | D        | Noticed a slime creature
   204 | D        | Found a deep blue altar of Sif Muna.
   206 | D        | Found a radiant altar of Vehumet.
   232 | D        | Found Yvepiuv's Magic Scroll Emporium.
   232 | D        | Found an ancient bone altar of Kikubaaqudgha.
   232 | D        | Found a hazy altar of Hepliaklqana.
   232 | D        | Found a stormy altar of Qazlal.
   232 | D        | Found a hide-covered altar of Uskayaw.
   232 | D        | Found a blossoming altar of Fedhas.
   232 | D        | Found a bloodstained altar of Trog.
   232 | D        | Found an iron altar of Okawaru.
   232 | D        | Found a basalt altar of Yredelemnul.
   232 | D        | Found a glowing golden altar of the Shining One.
   232 | D        | Found a snail-covered altar of Cheibriados.
   232 | D        | Found a sacrificial altar of Ru.
   232 | D        | Found a glowing silver altar of Zin.
   232 | D        | Found a shadowy altar of Dithmenos.
   232 | D        | Found a white marble altar of Elyvilon.
   232 | D        | Noticed a yak
   242 | D        | Killed a yak
   242 | D        | Reached skill level 15 in Evocations
   245 | D        | Noticed Sonja
   271 | D        | Slain by Sonja

Vault maps used:
D:        dungeon_sprint_1

Skill      XL: |  1  2  3  4  5  6 |
---------------+-------------------+-----
Fighting       | 1 |  1.9
Dodging        | 4 6 7 8 |  8.4
Evocations     | 8 11 14 15 | 15.3
Short Blades   | |  1.8
Stealth        | |  1.5

Action                   |  1- 3 |  4- 6 || total
-------------------------+-------+-------++-------
Melee: Short sword       |       |    12 ||    12
Evoke: Wand              |    11 |    13 ||    24
  Use: Potion            |       |     2 ||     2
Dodge: Dodged            |     4 |    29 ||    33
